 Dungeon Crawl Stone Soup version 0.28-a0-1159-g27aa881441 (webtiles) character file.

Game seed: 14229779815436874586

78 SensoryNuts the Skirmisher (level 4, 0/34 (35) HPs)
             Began as a Demonspawn Fighter on Dec 15, 2021.
             Slain by Crazy Yiuf (8 damage)
             ... on level 2 of the Dungeon.
             The game lasted 00:01:03 (1973 turns).

SensoryNuts the Skirmisher (Demonspawn Fighter)     Turns: 1973, Time: 00:01:03

HP:   0/34 (35)     AC:  6    Str: 19    XL:     4   Next: 15%
MP:   4/4           EV:  9    Int:  9    God:
Gold: 47            SH:  4    Dex: 12    Spells: 3/3 levels left

rFire   . . .      SeeInvis .   a - +0 trident
rCold   . . .      Faith    .   c - +0 buckler
rNeg    . . .      Spirit   .   b - +0 scale mail
rPois   .          Reflect  .   (no helmet)
rElec   .          Harm     .   (no cloak)
rCorr   .          Rampage  .   (no gloves)
Will    .....                   (no boots)
Stlth   ..........              (no amulet)
HPRegen 0.11/turn               (no ring)
MPRegen 0.09/turn               (no ring)

@: mighty, lightly drained
A: weakness stinger 1
a: no special abilities


You were on level 2 of the Dungeon.
You visited 1 branch of the dungeon, and saw 2 of its levels.

You collected 47 gold pieces.

Inventory:

Hand Weapons
 a - a +0 trident (weapon)
Armour
 b - a +0 scale mail (worn)
 c - a +0 buckler (worn)
Scrolls
 e - a scroll of silence {unknown}
 g - 2 scrolls of enchant armour {unknown}
 h - 3 scrolls of fog {unknown}
 j - a scroll of teleportation {unknown}
 l - a scroll of immolation {unknown}
Potions
 d - 2 potions of might
 f - 2 potions of cancellation {unknown}
 i - 2 potions of brilliance {unknown}
 k - a potion of curing {unknown}


   Skills:
 + Level 3.3 Fighting
 + Level 2.8 Polearms
 + Level 3.1 Armour
 + Level 0.2 Dodging
 + Level 0.5 Stealth
 + Level 3.1 Shields


You had 3 spell levels left.
You didn't know any spells.
Your spell library contained the following spells:

 Spells                   Type           Power      Damage    Failure   Level
 Animate Skeleton         Necr           0%         N/A       80%         1
 Pain                     Necr           0%         1d4       80%         1
 Gell's Gravitas          Tloc           0%         N/A       99%         3
 Lesser Beckoning         Tloc           0%         N/A       99%         3
 Teleport Other           Tloc           0%         N/A       99%         3
 Tukima's Dance           Hex            0%         N/A       99%         3
 Vampiric Draining        Necr           0%         2d6       99%         3
 Passage of Golubria      Tloc           0%         N/A       100%        4
 Yara's Violent Unravell  Hex/Tmut       0%         3d3       100%        5


Dungeon Overview and Level Annotations

Branches:
Dungeon (2/15)

Altars:

Annotations:
D:2 Crazy Yiuf


Innate Abilities, Weirdness & Mutations

You have a small tail.


Message History

l - a scroll labelled IMODWUD XOCWO You see here 11 stones.
Found a stone staircase leading down.
You see here a +0 hat.
No target in view!
No target in view!
No target in view!
No target in view!
Found a stone staircase leading down.
There is a stone staircase leading down here.
There is a stone staircase leading down here.
Found a mace.
Found a runed translucent door.
Crazy Yiuf shouts!
There is a stone staircase leading down here.
There is a stone staircase leading up here.
There is a stone staircase leading down here.
You see here 14 bolts.
Key pressed, stopping explore.
There is a stone staircase leading down here.
Crazy Yiuf shouts!
Could not explore, unopened runed door.
Could not explore, unopened runed door.
Could not explore, unopened runed door.
You feel very mighty all of a sudden.
You open the door.
Crazy Yiuf screams, "Trifle tired tired!"
You barely miss Crazy Yiuf. You block Crazy Yiuf's attack.
You puncture Crazy Yiuf!
Crazy Yiuf is almost dead.
Crazy Yiuf hits you with a +2 quarterstaff of chaos!
You feel drained.
Crazy Yiuf hits you with a +2 quarterstaff of chaos!
* * * LOW HITPOINT WARNING * * *
Space warps around you.
* * * LOW HITPOINT WARNING * * *
Okay, then.
You barely miss Crazy Yiuf.
Crazy Yiuf is almost dead.
Crazy Yiuf hits you with a +2 quarterstaff of chaos!
You die...

.....#.....## ##.#.....#
#.
.#.#.##...#######........#
#.
.#.#.###..........#......#
#. .#.#.#
#.################# ##
.#.#.# #.# .....###.#
.........# ### ♣♣####
##.####### #)..#♣♣
♣♣.#..## #..†..#
#...g@♣♣♣♣......######
#####.#
#...#♣..♣...........>. #.#
### ♣♣♣.♣..#.######## #.#
♣♣♣♣♣####...... #.#
#.##### #.# ### ####.# #.#
#.# #.##.# # #.# #.#
#.##.# # # #.# #.#
#.##.#####


You could see Crazy Yiuf.

Vanquished Creatures
  Jessica (D:2)
  Robin (D:2)
  An adder skeleton (D:2)
  A worm (D:2)
  A ball python (D:1)
  5 bats
  9 goblins
  4 hobgoblins (D:2)
  3 quokkas (D:2)
  A frilled lizard (D:2)
  3 kobolds
  4 rats
34 creatures vanquished.

Notes
Turn   | Place    | Note
-------+----------+-------------------------------------------
     0 | D:1      | SensoryNuts the Demonspawn Fighter began the quest for the
                  | Orb.
     0 | D:1      | Reached XP level 1. HP: 18/18 MP: 1/1
   591 | D:1      | Found a faded altar of an unknown god.
   775 | D:2      | Gained mutation: You have a small tail. [demonic ancestry]
   775 | D:2      | Reached XP level 2. HP: 24/24 MP: 2/2
  1064 | D:2      | Noticed Jessica
  1071 | D:2      | Killed Jessica
  1072 | D:2      | Reached XP level 3. HP: 5/29 MP: 3/3
  1528 | D:2      | Noticed Robin
  1535 | D:2      | Killed Robin
  1536 | D:2      | Reached XP level 4. HP: 32/35 MP: 4/4
  1814 | D:2      | Found a runed translucent door.
  1815 | D:2      | Noticed Crazy Yiuf
  1973 | D:2      | Slain by Crazy Yiuf

Illustrated notes

Levels and vault maps discovered:
D:1:      wander_arrival_chamber, layout_basic, basic_ecumenical_altar
D:2:      layout_loops_ring, uniq_crazy_yiuf_cottage, uniq_robin, uniq_jessica

Skill      XL: |  1  2 |
---------------+-------+-----
Polearms       | 2 |  2.8
Shields        | 3 |  3.1
Armour         | 3 |  3.1
Fighting       | |  3.3
Dodging        | |  0.2
Stealth        | |  0.5

Action                   |  1- 3 |  4- 6 || total
-------------------------+-------+-------++-------
Melee: Trident           |    84 |    21 ||   105
       Tailslap          |     1 |     1 ||     2
  Use: Potion            |       |     1 ||     1
Armor: Scale mail        |    24 |     5 ||    29
Dodge: Dodged            |    31 |     7 ||    38
Block: Buckler           |    18 |     3 ||    21

Table legend: (Time is in decaauts)
 A = Elapsed time spent in this place.
 B = Non-inter-level travel time spent in this place.
 C = Inter-level travel time spent in this place.
 D = Time resting spent in this place.
 E = Time spent auto-exploring this place.
 F = Levels seen in this place.
 G = Mean time per level.
                   A        B        C        D        E       F      G
               +--------+--------+--------+--------+--------+-----+--------+
         Total |   1994 |   1963 |     31 |      0 |   1755 |   2 |  997.0 |
       Dungeon |   1994 |   1963 |     31 |      0 |   1755 |   2 |  997.0 |
               +--------+--------+--------+--------+--------+-----+--------+

Top non-repeatable levels by time:
     D:2: 1218 daAuts
     D:1: 776 daAuts
